 Dungeon Crawl Stone Soup version 0.16-a0-1132-gad589c6 (webtiles) character file.

1477 RobertPalmer the Nimble (level 8, -1/52 HPs)
             Began as an Octopode Monk on Oct 7, 2014.
             Slain by a wyvern (15 damage)
             ... on level 8 of the Dungeon.
             The game lasted 00:18:06 (7240 turns).

RobertPalmer the Nimble (Octopode Monk)             Turns: 7240, Time: 00:18:06

Health: -1/52      AC:  1    Str: 10    XL:     8   Next: 78%
Magic:  8/8        EV: 25    Int: 14    God:
Gold:   435        SH:  0    Dex: 20    Spells: 0 memorised, 7 levels left

rFire  . . .     SeeInvis .     b - +0 blowgun (curse)
rCold  . . .     Clarity  .     (no shield)
rNeg   . . .     SustAb   .     (helmet restricted)
rPois  +         Gourm    .     (no amulet)
rElec  .         Spirit   .     r - ring of poison resistance
rCorr  .         Warding  .     (no ring)
rMut   .         Stasis   .     (no ring)
MR     .....                    (no ring)
Stlth  ++++......               (no ring)
                                (no ring)
                                (no ring)
                                (no ring)

@: agile, not resistant to hostile enchantments, stealthy
A: almost no armour, amphibious, 8 rings, constrict 8, camouflage 1, gelatinous
body 1
a: no special abilities


You were on level 8 of the Dungeon.
You were not hungry.

You visited 1 branch of the dungeon, and saw 8 of its levels.

You collected 435 gold pieces.


Innate Abilities, Weirdness & Mutations

You cannot wear most types of armour.
You are amphibious.
You can wear up to eight rings at the same time.
You can use your tentacles to constrict many enemies at once.
Your skin changes colour to match your surroundings (Stealth).
Your rubbery body absorbs attacks (AC +1).


   Skills:
 - Level 3.0 Fighting
   Level 3.1 Short Blades
 + Level 5.6 Maces & Flails
 - Level 8.7 Dodging
 - Level 2.6 Stealth
 - Level 4.0 Unarmed Combat


You had 7 spell levels left.
You didn't know any spells.

Inventory:

Hand weapons
 a - a +1 whip of pain
 b - a cursed +0 blowgun (weapon)
 i - a +8 dire flail of holy wrath
 u - a +0 morningstar of draining
Missiles
 y - 27 poisoned needles (quivered)
 A - 3 curare-tipped needles
Magical devices
 l - a wand of disintegration (0)
 w - a wand of flame (20)
 B - a wand of magic darts (16)
Comestibles
 f - 7 meat rations
 n - 8 bread rations
 o - a beef jerky
 s - 2 royal jellies
Scrolls
 g - 4 scrolls of enchant armour
 h - 2 scrolls of amnesia
 q - 2 scrolls of fear
 x - a scroll of blinking
Jewellery
 r - a ring of poison resistance (left tentacle)
Potions
 c - a potion of haste {unknown}
 d - a potion of might {unknown}
 e - 5 potions of invisibility {unknown}
 j - a potion of confusion {unknown}
 k - a potion of resistance {unknown}
 m - 2 potions of poison {unknown}
 p - a potion of curing {unknown}
 v - a potion of magic {unknown}
 z - a potion of berserk rage {unknown}
 D - 2 potions of heal wounds {unknown}
 E - 2 potions of brilliance {unknown}

Dungeon Overview and Level Annotations

Branches:
Dungeon (8/15)             Temple (0/1) D:7
   Lair: D:8-11

Altars:
Cheibriados
Fedhas
Kikubaaqudgha
Okawaru
Ru
Sif Muna
Trog
Vehumet
Xom
Yredelemnul
The Shining One

Annotations:
D:6 Qrupt's ghost, experienced MfVM

#.≈≈≈≈≈≈≈.P........###(#.#
#.≈≈≈≈≈≈≈≈.....##..(##(#.#
#..≈≈≈≈≈≈≈.###.#>....#.#.#
##..P≈≈≈≈PP#...........#.#
#.#...P...#.##.......#..#
#.####.##.#.##........###
.........#.###.....#.######
########....##.............
#..@......###..#####
##.D.##..## #..# #
##.###..# #..# #
#Z###..#####.# #
#(#....c..##.#####
######)#O#####!##......
#####.(....#.# #####.##
#............# #.<.
#.###........# ####


You could see a wyvern and an orc zombie.


Message History

Evoke which item? (* to show all) (? for menu, Esc to quit)
Zapping:
l - a wand of disintegration {zapped: 2} (will waste charges)
Aim: an ogre, wielding a giant spiked club (almost dead, poisoned) Nothing appears to happen.
The wyvern bites you!
* * * LOW HITPOINT WARNING * * *
The wyvern closely misses you.
Evoke which item? (* to show all) (? for menu, Esc to quit)
This wand has no charges.
Evoke which item? (* to show all) (? for menu, Esc to quit)
Okay, then.
Drink which item? (? for menu, Esc to quit)
You feel agile all of a sudden.
You kill the ogre!
The wyvern barely misses you. The wyvern misses you.
Firing (i - inventory. (,) - cycle):
y - 29 poisoned needles (quivered)
Aim: a wyvern (heavily wounded)
You shoot a poisoned needle. The poisoned needle hits the wyvern!
The wyvern is poisoned.
The wyvern is heavily wounded.
The wyvern misses you. The wyvern bites you!
* * * LOW HITPOINT WARNING * * *
The wyvern completely misses you.
Firing (i - inventory. (,) - cycle):
y - 28 poisoned needles (quivered)
Aim: a wyvern (severely wounded, poisoned)
You shoot a poisoned needle. The poisoned needle hits the wyvern!
The wyvern looks even sicker.
The wyvern is severely wounded.
The wyvern bites you!
You die...

Action                   |  1- 3 |  4- 6 |  7- 9 || total
-------------------------+-------+-------+-------++-------
Melee: Unarmed           |    34 |       |       ||    34
       Dagger            |    41 |   137 |    93 ||   271
       Morningstar       |       |       |     6 ||     6
       Blowgun           |       |       |     6 ||     6
       Dire flail        |       |       |     5 ||     5
       Whip              |       |       |     3 ||     3
 Fire: Blowgun           |       |    15 |    85 ||   100
Evoke: Wand              |       |       |     6 ||     6
  Use: Scroll            |     4 |     5 |     7 ||    16
       Potion            |       |       |     1 ||     1
 Stab: Sleeping          |     2 |     9 |    21 ||    32
       Distracted        |       |       |     1 ||     1
  Eat: Chunk             |       |     9 |    11 ||    20

Vault maps used:
D:1:      lightli_arrival_statue_moat
D:2:      first_bread
D:4:      serial_glass, glass_columns_c, glass_columns_c, due_unseen_surprise,
          bloody_trog
D:5:      xom_butterflies
D:6:      grunt_temple_overflow_growth_and_decay, lemuel_crystal_altar,
          kennysheep_mini_moat, vehumet_altar_wand_db, uniq_edmund
D:7:      beetle_altar_2, lemuel_round_altar, minitemple, temple_doors_e,
          uniq_eustachio
D:8:      serial_pond, minmay_pond_fungi_a, minmay_pond_plants_k,
          minmay_pond_fungi_h, minmay_pond_plants_u

Notes
Turn   | Place    | Note
--------------------------------------------------------------
     0 | D:1      | RobertPalmer, the Octopode Monk, began the quest for the Orb.
     0 | D:1      | Reached XP level 1. HP: 16/16 MP: 1/1
   153 | D:1      | Reached XP level 2. HP: 21/21 MP: 2/2
   489 | D:1      | Reached skill level 4 in Dodging
   545 | D:1      | Reached XP level 3. HP: 26/26 MP: 3/3
   999 | D:2      | Reached XP level 4. HP: 21/31 MP: 4/4
  1212 | D:2      | Reached skill level 5 in Dodging
  1774 | D:2      | Reached skill level 1 in Short Blades
  1882 | D:3      | Reached XP level 5. HP: 22/36 MP: 5/5
  1889 | D:2      | Reached skill level 2 in Short Blades
  2226 | D:3      | Reached skill level 3 in Short Blades
  2873 | D:4      | Reached XP level 6. HP: 26/42 MP: 6/6
  3126 | D:4      | Noticed an ogre
  3142 | D:4      | Killed an ogre
  3142 | D:4      | Reached skill level 6 in Dodging
  3251 | D:4      | Found a bloodstained altar of Trog.
  3734 | D:5      | Entered Level 5 of the Dungeon
  3734 | D:5      | Found a shimmering altar of Xom.
  3739 | D:5      | Reached XP level 7. HP: 46/46 MP: 7/7
  3869 | D:5      | Reached skill level 7 in Dodging
  4593 | D:6      | Found an ancient bone altar of Kikubaaqudgha.
  4594 | D:6      | Found a blossoming altar of Fedhas.
  4605 | D:6      | Found a radiant altar of Vehumet.
  4663 | D:6      | Found an iron altar of Okawaru.
  4673 | D:6      | Reached skill level 8 in Dodging
  4696 | D:6      | Noticed Qrupt's ghost (experienced MfVM)
  5007 | D:6      | Noticed Edmund
  5069 | D:6      | Killed Edmund
  5069 | D:6      | Reached XP level 8. HP: 19/52 MP: 8/8
  5243 | D:6      | Found a sacrificial altar of Ru.
  5697 | D:7      | Reached skill level 1 in Maces & Flails
  5792 | D:7      | Found a staircase to the Ecumenical Temple.
  5930 | D:7      | Reached skill level 2 in Maces & Flails
  6039 | D:7      | Noticed Eustachio
  6068 | D:7      | Killed Eustachio
  6068 | D:7      | Reached skill level 3 in Maces & Flails
  6328 | D:7      | Found a glowing golden altar of the Shining One.
  6388 | D:7      | Reached skill level 4 in Maces & Flails
  6659 | D:7      | Found a deep blue altar of Sif Muna.
  6660 | D:7      | Found a basalt altar of Yredelemnul.
  6752 | D:7      | Found a snail-covered altar of Cheibriados.
  6836 | D:8      | Reached skill level 5 in Maces & Flails
  7240 | D:8      | Slain by a wyvern

Vanquished Creatures
  Eustachio (D:7)
  Edmund (D:6)
  A phantom (D:5)
  2 ogres
  A black bear (D:7)
  2 giant frogs
  A big kobold (D:7)
  A scorpion (D:8)
  A hound (D:4)
  A goliath beetle (D:7)
  2 crimson imps
  2 orc priests (D:5)
  An orc wizard (D:3)
  2 iguanas
  2 worker ants
  A big kobold zombie (D:6)
  A mummy (D:7)
  4 gnolls (D:4)
  9 adders
  An orc skeleton (D:7)
  4 worms
  3 giant geckos
  An ooze (D:3)
  10 orcs
  2 ball pythons
  A bat skeleton (D:5)
  5 giant cockroaches
  14 goblins
  18 hobgoblins
  20 kobolds
  2 quokkas
  10 bats
  4 giant newts
  2 giant spores
  A kobold skeleton (D:4)
  24 rats
  3 ballistomycetes (D:6)
161 creatures vanquished.

Vanquished Creatures (others)
  A kobold (D:6)
  A giant spore (D:8)
  A ballistomycete (D:8)
3 creatures vanquished.

Grand Total: 164 creatures vanquished
